 Dungeon Crawl Stone Soup version 0.27-a0-887-gcab673c142 (webtiles) character file.

Game seed: 1396234004110580413

75 jestyr24 the Slasher (level 4, -2/41 HPs)
             Began as a Minotaur Monk on Apr 3, 2021.
             Killed by nerve-wracking pain
             ... invoked by Grinder
              (3 damage)
             ... on level 3 of the Dungeon.
             The game lasted 00:07:13 (1975 turns).

jestyr24 the Slasher (Minotaur Monk)                Turns: 1975, Time: 00:07:13

Health: -2/41      AC:  6    Str: 16    XL:     4   Next: 11%
Magic:  3/3        EV: 10    Int:  7    God:
Gold:   144        SH:  0    Dex: 13    Spells: 3/3 levels left

rFire    . . .     SeeInvis .   k - +0 long sword
rCold    . . .     Faith    .   (no shield)
rNeg     . . .     Spirit   .   i - +0 scale mail
rPois    .         Reflect  .   (helmet restricted)
rElec    .         Harm     .   (no cloak)
rCorr    .         Rampage  .   (no gloves)
Will     .....                  (no boots)
Stlth    +.........             (no amulet)
HPRegen  0.13/turn              (no ring)
MPRegen  0.08/turn              (no ring)

@: no status effects
A: horns 2, retaliatory headbutt
a: no special abilities


You were on level 3 of the Dungeon.
You visited 1 branch of the dungeon, and saw 3 of its levels.

You collected 144 gold pieces.

Inventory:

Hand Weapons
 a - a +0 falchion
 k - a +0 long sword (weapon)
Missiles
 j - 8 boomerangs (quivered)
Armour
 b - a +0 robe
 i - a +0 scale mail (worn)
Scrolls
 c - 2 scrolls of vulnerability {unknown}
 d - a scroll of holy word {unknown}
 l - 2 scrolls of identify {unknown}
Potions
 e - 2 potions of flight {unknown}
 f - 3 potions of curing {unknown}
 g - a potion of degeneration {unknown}
 h - a potion of mutation {unknown}
 m - a potion of ambrosia {unknown}
 n - a potion of cancellation {unknown}


   Skills:
 + Level 4.4 Fighting
 + Level 4.7 Long Blades
 + Level 0.2 Armour
 + Level 3.8 Dodging
 + Level 1.9 Stealth


You had 3 spell levels left.
You didn't know any spells.
Your spell library was empty.

Dungeon Overview and Level Annotations

Branches:
Dungeon (3/15)

Altars:
Xom

Shops:
D:1 :([   D:2 ?

Annotations:
D:3 Grinder, Terence


Innate Abilities, Weirdness & Mutations

You have a pair of horns on your head.
You reflexively headbutt those who attack you in melee.


Message History

A hobgoblin comes into view.
Terence the Incautious comes into view.
He is wielding a +0 mace.
An orc comes into view. It is wielding a +0 whip.
Grinder says, "FISH!"
Grinder closely misses you.
Things that are here:
a +0 trident; an orc corpse Grinder gestures at you.
Pain shoots through your body!
Grinder blinks!
Grinder blinks!
You see here a +0 club.
You barely miss Grinder. Grinder gestures at you.
Pain shoots through your body!
You hit Grinder but do no damage. Grinder hits you!
You writhe in agony.
* * * LOW HITPOINT WARNING * * *
You slash Grinder!
Grinder is moderately wounded.
Grinder closely misses you. You furiously retaliate!
You headbutt Grinder. You closely miss Grinder.
Grinder is moderately wounded.
Grinder hits you.
* * * LOW HITPOINT WARNING * * *
You barely miss Grinder.
Grinder is moderately wounded.
Grinder hits you.
* * * LOW HITPOINT WARNING * * *
You writhe in agony.
* * * LOW HITPOINT WARNING * * *
You closely miss Grinder. You headbutt Grinder!
Grinder is heavily wounded.
Grinder hits you but does no damage. Grinder hits you.
* * * LOW HITPOINT WARNING * * *
You closely miss Grinder. Your headbutt misses Grinder.
Grinder is heavily wounded.
Terence screams, "I want your blood!" Grinder gestures at you.
Pain shoots through your body!
You die...

####o..gg...
#...o##.....
#....''.@..#
#...g##...##
#....## ###
#....@# ..
#....o# ....
#####5##.....#
#..@..'.....#
#....##.....
#...†####'#.
###.......#
#....####
#.....#.#
#.......#
###+##...#######
..........##....#


You could see Grinder, Terence and an orc.

Vanquished Creatures
  Natasha (D:3)
  2 worms (D:2)
  A dart slug (D:1)
  2 orcs (D:3)
  4 endoplasms
  5 goblins
  6 hobgoblins
  3 jackals
  4 ball pythons
  4 bats
  3 frilled lizards
  2 kobolds (D:1)
  A rat (D:2)
38 creatures vanquished.

Notes
Turn   | Place    | Note
-------+----------+-------------------------------------------
     0 | D:1      | jestyr24 the Minotaur Monk began the quest for the Orb.
     0 | D:1      | Reached XP level 1. HP: 19/19 MP: 0/0
   127 | D:1      | Found Canaar's Book Boutique.
   220 | D:1      | Found Udimus's Antique Armour Shop.
   372 | D:1      | Reached XP level 2. HP: 24/27 MP: 1/1
   443 | D:1      | Found Meterphe's Antique Weapon Shop.
   472 | D:1      | Found a faded altar of an unknown god.
  1237 | D:2      | Reached XP level 3. HP: 33/33 MP: 2/2
  1237 | D:2      | Found Pisusig's Magic Scroll Shoppe.
  1339 | D:2      | Found a shimmering altar of Xom.
  1790 | D:3      | Noticed Natasha
  1795 | D:3      | Killed Natasha
  1907 | D:3      | Reached XP level 4. HP: 41/41 MP: 3/3
  1954 | D:3      | Noticed Grinder
  1958 | D:3      | Noticed Terence
  1974 | D:3      | HP: 1/41 [Grinder (3)]
  1975 | D:3      | Killed from afar by Grinder

Illustrated notes

Levels and vault maps discovered:
D:1:      dpeg_arrival_water_fire, layout_loops_ring,
          ebering_ecumenical_altar_rust, serial_shops,
          nicolae_shop_overgrown_old_shop, shop_statue, shop, serial_rivers,
          chequers_serial_rivers_room_b, chequers_serial_rivers_large_a,
          chequers_serial_rivers_large_b, chequers_serial_rivers_small_3
D:2:      layout_rooms, serial_shops, shop, basic_altar, minmay_tetromino_i4
D:3:      layout_basic, uniq_natasha, uniq_grinder, uniq_terence

Skill      XL: |  1  2 |
---------------+-------+-----
Long Blades    | 4 |  4.7
Fighting       | 4 |  4.4
Armour         | |  0.2
Dodging        | |  3.8
Stealth        | |  1.9

Action                   |  1- 3 |  4- 6 || total
-------------------------+-------+-------++-------
Melee: Falchion          |    45 |       ||    45
       Headbutt          |    12 |     1 ||    13
       Long sword        |    16 |    15 ||    31
 Stab: Sleeping          |     1 |       ||     1
Armor: Robe              |     5 |       ||     5
       Scale mail        |    11 |     3 ||    14
Dodge: Dodged            |    37 |     9 ||    46
       Rpst.: Falchion   |     9 |       ||     9
       Long sword        |     2 |       ||     2

Table legend: (Time is in decaauts)
 A = Elapsed time spent in this place.
 B = Non-inter-level travel time spent in this place.
 C = Inter-level travel time spent in this place.
 D = Time resting spent in this place.
 E = Time spent auto-exploring this place.
 F = Levels seen in this place.
 G = Mean time per level.
                   A        B        C        D        E       F      G
               +--------+--------+--------+--------+--------+-----+--------+
         Total |   2033 |   1936 |     97 |    207 |   1294 |   3 |  677.7 |
       Dungeon |   2033 |   1936 |     97 |    207 |   1294 |   3 |  677.7 |
               +--------+--------+--------+--------+--------+-----+--------+

Top non-repeatable levels by time:
     D:1: 1138 daAuts
     D:2: 705 daAuts
     D:3: 189 daAuts
